 Dungeon Crawl Stone Soup version 0.30.1-4-g462c640d31 (webtiles) character file.

Game seed: 2579742541114739724

249 hawla the Firebug (level 6, 0/73 HPs)
             Began as a Meteoran Fire Elementalist on Aug 26, 2023.
             Was an Initiate of Vehumet.
             Succumbed to a scorpion's poison
             ... on level 5 of the Dungeon.
             The game lasted 00:04:29 (684 turns).

hawla the Firebug (Meteoran Fire Elementalist)       Turns: 684, Time: 00:04:29

Health: 0/73       AC: 23    Str:  6 (9)  XL:     6   Next: 62%
Magic:  1/12       EV:  2    Int: 16 (19) God:    Vehumet [......]
Gold:   85         SH:  0    Dex: 13 (15) Spells: 5/12 levels left

rFire   . . .        o - +0 lajatang (protect)
rCold   . . .        (shield currently unavailable)
rNeg    . . .        a - melded +0 robe
rPois   +            (helmet currently unavailable)
rElec   .            (cloak currently unavailable)
rCorr   .            (gloves currently unavailable)
SInv    .            (boots currently unavailable)
Will    .....        (no amulet)
Stlth   +            d - +5 ring of evasion
HPRegen 0.32/turn    (no ring)
MPRegen 0.13/turn

%: no passive effects
@: lethally poisoned (0 -> -5), tree-form, hasted, glowing, very quick
A: stationary, stasis, torment immunity, boosted hp, sense surroundings 1,
otherworldly, glowing, explore regen, (antennae 1), deterioration 1, robust 1
a: Renounce Religion


You were on level 5 of the Dungeon.
You worshipped Vehumet.
Vehumet was noncommittal.
You were a tree.
You visited 2 branches of the dungeon, and saw 6 of its levels.

You collected 85 gold pieces.

Inventory:

Hand Weapons
 o - a +0 lajatang of protection (weapon)
Armour
 a - a +0 robe (melded)
Jewellery
 d - a +5 ring of evasion (left branch)
Scrolls
 e - a scroll of fear
Potions
 c - a potion of mutation
 f - a potion of brilliance
 h - a potion of curing {unknown}
 n - a potion of cancellation {unknown}


   Skills:
 + Level 3.1 Staves
 - Level 2.5 Dodging
 - Level 1.4 Stealth
 - Level 3.6 Spellcasting
 - Level 4.7 Conjurations
 - Level 4.7 Fire Magic


You had 5 spell levels left.
You knew the following spells:

 Your Spells              Type           Power      Damage    Failure   Level
a - Foxfire               Conj/Fire      72%        2x1d7     2%          1
b - Scorch                Fire           36%        2d6       3%          2
c - Flame Wave            Conj/Fire      18%        2d7       26%         4

Your spell library contained the following spells:

 Spells                   Type           Power      Damage    Failure   Level
 Apportation              Tloc           4%         N/A       19%         1
 Necrotise                Necr           8%         1d4       19%         1
 Sandblast                Erth           4%         2d4       19%         1
 Summon Small Mammal      Summ           8%         N/A       19%         1
 Inner Flame              Hex/Fire       10%        N/A       21%         3
 Stone Arrow              Conj/Erth      20%        3d8       21%         3
 Volatile Blastmotes      Fire/Tloc      20%        2d11      21%         3
 Passwall                 Tmut/Erth      1%         N/A       26%         2


Dungeon Overview and Level Annotations

Branches:
Dungeon (5/15) Zot: 2327   Temple (1/1) D:4 Zot: 586

Altars:
Ashenzari
Cheibriados
Dithmenos
Fedhas
Hepliaklqana
Nemelex Xobeh
Okawaru
Qazlal
Ru
Trog
Uskayaw
Vehumet
Wu Jian
Xom
Yredelemnul


Innate Abilities, Weirdness & Mutations

You are a tree.
Your roots penetrate the ground, keeping you stationary.
You cannot be teleported.
You are immune to unholy pain and torment.
Your maximum health is greatly increased.
Your equipment is partially melded.
You passively map a small area around you.
You are easily found by Zot.
You glow in the dark.
You regain HP and MP as you explore.
((You have a pair of small antennae on your head.))
Your body sometimes deteriorates upon taking damage.
You are robust. (+10% HP)


Message History

The scorpion stings you but does no damage.
You slash the scorpion!
Your weapon exudes an aura of protection.
The scorpion is almost dead.
* * * LOW HITPOINT WARNING * * *
You feel very sick.
The foxfire hits the scorpion.
You kill the scorpion!
Vehumet accepts your kill.
The foxfire hits the iguana.
The iguana is lightly wounded.
The centaur hits you but does no damage.
The centaur kicks you but does no damage.
The iguana bites you but does no damage.
The centaur hits you but does no damage.
The centaur kicks you but does no damage.
Training target 4.7 for Conjurations reached!
Your Staves skill increases to level 3!
It was a potion of mutation.
You feel extremely strange.
You feel yourself wasting away.
You feel robust. A pair of antennae grows on your head!
* * * LOW HITPOINT WARNING * * *
You feel very sick.
The centaur hits you but does no damage.
The centaur kicks you but does no damage.
The iguana bites you but does no damage.
A scorpion comes into view.
The centaur hits you.
* * * LOW HITPOINT WARNING * * *
The centaur kicks you but does no damage.
It was a potion of degeneration.
There was something very wrong with that liquid.
You feel weakened.
You feel dopey.
You feel clumsy.
* * * LOW HITPOINT WARNING * * *
You feel sick.
The iguana bites you but does no damage.
The centaur hits you but does no damage.
The centaur kicks you but does no damage.
It was a potion of haste.
You feel yourself speed up.
You die...

...........#........ ,
###.###.##..#######.
.........#.#...# . ,
#.###†##...###.# ,.. ,
......(#.#.# #.# * ...
* .##.##...#..##.# s.#
,
.#...#.#.#.###'####..#,
, ,
...8...#...#........# *
, ,
.#...#.#.#.#....♣l.#.#
.##.##...#......†c##
.......#.#.####..#.#, *
, , #.###.##...
*#..#).#* ,,*
.........#.# ...# #.# *
###.###.#*........* #[#
...... ...,#.....# *
#.# , #.###.# #.#
.....# #. , ... .# *##
,, ,


You could see a centaur, a scorpion and an iguana.

Vanquished Creatures
  2 scorpions (D:5)
  A killer bee (D:5)
  A hound (D:5)
  A gnoll (D:2)
  An ufetubus (D:5)
  4 dart slugs (D:2)
  5 orcs
  2 endoplasms
  2 goblins (D:1)
  3 hobgoblins
  7 jackals
  2 kobolds
  A quokka (D:5)
  2 ball pythons
  A frilled lizard (D:2)
  3 rats
38 creatures vanquished.

Vanquished Creatures (collateral kills)
  An orc (D:3)
1 creature vanquished.

Vanquished Creatures (others)
  75 foxfires
75 creatures vanquished.

Grand Total: 114 creatures vanquished

Notes
Turn   | Place    | Note
-------+----------+-------------------------------------------
     0 | D:1      | hawla the Meteoran Fire Elementalist began the quest for
                  | the Orb.
     0 | D:1      | Reached XP level 1. HP: 14/14 MP: 5/5
    16 | D:1      | Reached XP level 2. HP: 20/20 MP: 0/6
    34 | D:1      | Learned a level 2 spell: Scorch
    98 | D:2      | Reached XP level 3. HP: 20/26 MP: 2/8
   351 | D:3      | Reached XP level 4. HP: 33/33 MP: 2/10
   402 | D:4      | Learned a level 4 spell: Flame Wave
   446 | D:4      | Found a staircase to the Ecumenical Temple.
   516 | Temple   | Entered the Ecumenical Temple
   524 | Temple   | Became a worshipper of Vehumet
   537 | D:5      | Entered Level 5 of the Dungeon
   598 | D:5      | Reached XP level 5. HP: 23/38 MP: 6/11
   670 | D:5      | Noticed a centaur
   678 | D:5      | Reached skill level 1 in Staves
   679 | D:5      | Reached XP level 6. HP: 13/45 MP: 1/12
   682 | D:5      | Gained mutation: Your body sometimes deteriorates upon
                  | taking damage. [potion of mutation]
   682 | D:5      | Gained mutation: You are robust. (+10% HP) [potion of
                  | mutation]
   682 | D:5      | Gained mutation: You have a pair of small antennae on your
                  | head. [potion of mutation]
   682 | D:5      | HP: 3/73 [centaur (3)]
   684 | D:5      | Succumbed to a scorpion's poison

Illustrated notes

Levels and vault maps discovered:
D:1:      psy_arrival_basics, layout_basic, interstate_on_off
D:2:      layout_loops_cross, minmay_pentomino_pile
D:3:      layout_loops_ring, minitemple, kennysheep_vampire_church,
          skrybe_limestone_x
D:4:      layout_rooms, good_gods_mini_temple, minmay_temple_entry_crystal_x
D:5:      layout_basic, nicolae_concentric_dashed_squares_wild,
          minmay_manual_mail
Temple:   minmay_freezing_vapour_temple

Skill      XL: |  1  2  3  4  5  6 |
---------------+-------------------+-----
Fire Magic     | 4 |  4.7
Spellcasting   | 3 |  3.6
Conjurations   | 2 4 |  4.7
Staves         | 2 3 |  3.1
Dodging        | |  2.5
Stealth        | |  1.4

Action                     |  1- 3 |  4- 6 || total
---------------------------+-------+-------++-------
  Melee: Unarmed           |    12 |     3 ||    15
         Lajatang          |       |    10 ||    10
   Cast: Foxfire           |    25 |    18 ||    43
         Scorch            |     6 |     3 ||     9
         Flame Wave        |       |     2 ||     2
    Use: Scroll            |     4 |     6 ||    10
         Potion            |     2 |     4 ||     6
 Armour: Robe              |     3 |    12 ||    15
         Skin              |     2 |    21 ||    23
  Dodge: Dodged            |     4 |    18 ||    22
